 Dungeon Crawl Stone Soup version 0.30.0-19-g36f170ea60 (webtiles) character file.

Game seed: 13677194391250378629

262378 Irreverend the Shatterer (level 19, -8/182 HPs)
             Began as a Minotaur Fighter on May 26, 2023.
             Was an Elder of Okawaru.
             Killed from afar by a tengu reaver (23 damage)
             ... with a bolt of acid
             ... led by Sojobo
             ... on level 4 of the Vaults on May 27, 2023.
             The game lasted 01:52:13 (42474 turns).

Irreverend the Shatterer (Minotaur Fighter)        Turns: 42474, Time: 01:52:14

Health: -8/182     AC: 29    Str: 26    XL:     19   Next: 22%
Magic:  24/24      EV:  8    Int: 11    God:    Okawaru [****..]
Gold:   4462       SH: 14    Dex: 18    Spells: 18/18 levels left

rFire   + . .        A - +6 demon whip (spect)
rCold   + + .        p - +5 buckler of Cuthriomm {Contam rElec rPois Dex+4}
rNeg    . . .        R - +7 plate armour {rF+}
rPois   +            (helmet restricted)
rElec   +            m - scarf {repulsion}
rCorr   .            N - +0 pair of gloves "Teecw" {rF+ rC- Will+ Dex+3}
SInv    +            S - +0 pair of boots "Vowaskyo" {rC+ Int+2}
Will    ++...        b - amulet of faith Stlth
                     G - ring of Benevolence {Ice SInv}
HPRegen 0.50/turn    q - ring of protection from cold
MPRegen 0.19/turn

%: repel missiles, faith
@: marked
A: horns 2, retaliatory headbutt, fangs 1, clever 1
}: 2/15 runes: decaying, gossamer
a: Renounce Religion, Heroism, Finesse


You were on level 4 of the Vaults.
You worshipped Okawaru.
Okawaru was greatly pleased with you.
You visited 6 branches of the dungeon, and saw 32 of its levels.
You visited the Abyss 1 time.
You also visited: Bailey.

You collected 5446 gold pieces.
You spent 984 gold pieces at shops.

Inventory:

Hand Weapons
 A - a +6 spectral demon whip (weapon)
 B - the +6 eveningstar of the Endless Expanse {flame, Dex+4}
   (Okawaru gifted it to you on level 9 of the Dungeon)

   Dex:       It affects your dexterity (+4).
Missiles
 c - 2 silver javelins
 y - 11 curare-tipped darts
 M - an atropa-tipped dart
 Z - 8 javelins (quivered)
Armour
 m - a scarf of repulsion (worn)
 p - the +5 buckler of Cuthriomm (worn) {Contam rElec rPois Dex+4}
   (You acquired it on level 8 of the Dungeon)

   Dex:       It affects your dexterity (+4).
   rElec:     It insulates you from electricity.
   rPois:     It protects you from poison.
   Contam:    It causes magical contamination when unequipped.
 N - the +0 pair of gloves "Teecw" (worn) {rF+ rC- Will+ Dex+3}
   (Okawaru gifted it to you on level 4 of the Spider Nest)

   Dex:       It affects your dexterity (+3).
   rF:        It protects you from fire.
   rC:        It makes you vulnerable to cold.
   Will:      It increases your willpower.
 R - a +7 plate armour of fire resistance (worn)
 S - the +0 pair of boots "Vowaskyo" (worn) {rC+ Int+2}
   (Okawaru gifted it to you on level 4 of the Lair of Beasts)

   Int:       It affects your intelligence (+2).
   rC:        It protects you from cold.
Jewellery
 b - an amulet of faith (around neck)
 q - a ring of protection from cold (right hand)
 v - a ring of fire
 w - a +6 ring of strength
 D - a ring of positive energy
 G - the ring of Benevolence (left hand) {Ice SInv}
   (You took it off a gnoll in a bailey)

   [ring of ice]

   It enhances your ice magic.
   rF:        It makes you vulnerable to fire.
   rC:        It protects you from cold.
   SInv:      It lets you see invisible.
 H - a +6 ring of intelligence
 Y - a ring of flight
Wands
 C - a wand of acid (36)
 F - a wand of polymorph (5)
 K - a wand of flame (58)
 L - a wand of digging (6)
 U - a wand of mindburst (13)
 W - a wand of iceblast (24)
Scrolls
 f - 10 scrolls of teleportation
 l - 7 scrolls of amnesia
 r - 5 scrolls of vulnerability
 t - 5 scrolls of poison
 u - 7 scrolls of immolation
 I - 4 scrolls of fog
 J - 2 scrolls of fear
 O - 3 scrolls of magic mapping
 P - a scroll of torment
 X - a scroll of blinking
Potions
 a - a potion of berserk rage
 d - 6 potions of flight
 e - 3 potions of resistance
 h - 7 potions of brilliance
 i - 4 potions of ambrosia
 j - 10 potions of haste
 k - 2 potions of curing
 n - 2 potions of magic
 s - 2 potions of invisibility
 z - 7 potions of might
 Q - 4 potions of lignification
 T - a potion of attraction
 V - 2 potions of cancellation
Miscellaneous
 E - a phial of floods


   Skills:
 + Level 19.1 Fighting
 + Level 22.8 Maces & Flails
 - Level 10.0 Throwing
 + Level 19.1 Armour
 + Level 19.0 Shields
 - Level 8.0 Invocations
 + Level 1.9 Evocations


You had 18 spell levels left.
You didn't know any spells.
Your spell library contained the following spells:

 Spells                   Type           Power      Damage    Failure   Level
 Apportation              Tloc           0%         N/A       89%         1
 Foxfire                  Conj/Fire      0%         2x1d4     89%         1
 Sandblast                Erth           0%         2d4       89%         1
 Shock                    Conj/Air       0%         1d3       89%         1
 Cigotuvi's Dreadful Rot  Necr/Pois/Air  0%         N/A       96%         2
 Passwall                 Tmut/Erth      0%         N/A       96%         2
 Scorch                   Fire           0%         2d5       96%         2
 Dazzling Flash           Conj/Hex       0%         N/A       99%         3
 Hailstorm                Conj/Ice       0%         3d3       99%         3
 Ignite Poison            Fire/Tmut/Pois 0%         N/A       99%         3
 Stone Arrow              Conj/Erth      0%         3d7       99%         3
 Swiftness                Air            0%         N/A       99%         3
 Airstrike                Air            0%         2d(0-16)  100%        4
 Flame Wave               Conj/Fire      0%         2d4       100%        4
 Petrify                  Tmut/Erth      0%         N/A       100%        4
 Agony                    Necr           0%         N/A       100%        5
 Alistair's Intoxication  Tmut/Pois      0%         N/A       100%        5
 Fireball                 Conj/Fire      0%         3d3       100%        5
 Freezing Cloud           Conj/Ice/Air   0%         6-21      100%        5
 Metabolic Englaciation   Hex/Ice        0%         N/A       100%        5
 Silence                  Hex/Air        0%         N/A       100%        5
 Plasma Beam              Fire/Air       0%         2x1d11    100%        6
 Starburst                Conj/Fire      0%         6d3       100%        6
 Statue Form              Tmut/Erth      0%         N/A       100%        6
 Summon Cactus Giant      Summ           Unusable   N/A       N/A         6

Dungeon Overview and Level Annotations

Branches:
Dungeon (13/15)            Temple (0/1) D:6            Lair (5/5) D:11
  Swamp (4/4) Lair:2       Spider (4/4) Lair:2        Slime (0/5) Lair:4
    Orc (2/2) D:12            Elf (0/3) Orc:2        Vaults (4/5) D:13
 Bailey (visited)
  Crypt: Vaults:2-3

Altars:
Cheibriados
Dithmenos
Fedhas
Hepliaklqana
Nemelex Xobeh
Okawaru
Sif Muna
Trog
Vehumet
Wu Jian
Yredelemnul

Shops:
D:5 *   D:7 *[(*   D:8 *   D:12 *   Orc:2 [[:*   Vaults:1 ?

Portals:
Abyss: D:8
Trove: D:13 (give 17 potions of curing)

Annotations:
D:8 2 transporters, Whoops's ghost, novice FoFi
D:10 2 transporters, sigtrap's ghost, journeyman FoHu


Innate Abilities, Weirdness & Mutations

You have a pair of horns on your head.
You reflexively headbutt those who attack you in melee.
You have very sharp teeth.
Your mind is acute. (Int +4, Str/Dex -1)


Message History

As you read the scroll of teleportation, it crumbles to dust.
You feel strangely unstable.
Your surroundings suddenly seem different.
There is an open door here.
You start resting.
Your hands slow down.
You start resting.
You feel like a meek peon again.
You start resting.
Magic restored.
You start resting.
A tengu reaver is nearby!
Non-targeted read: 4 scrolls of fog
Press: ? - help, Q - select action, (/) - cycle Dir - look around, f - activate Look: a tengu reaver, wielding a +0 war axe, wearing a +0 ring mail of fire resistance and wearing a +0 buckler
Okay, then.
Okay, then.
Throw: 3 darts (atropa)
Press: ? - help, Q - select action, (/) - cycle Shift-Dir - straight line, f - tengu reaver
Aim: a tengu reaver, wielding a +0 war axe, wearing a +0 ring mail of fire resistance and wearing a +0 buckler (59% to hit, chance to blind on hit: 0%)
You throw an atropa-tipped dart.
The atropa-tipped dart barely misses the tengu reaver.
Throw: 2 darts (atropa)
Press: ? - help, Q - select action, (/) - cycle Shift-Dir - straight line, f/p - tengu reaver
Aim: a tengu reaver, wielding a +0 war axe, wearing a +0 ring mail of fire resistance and wearing a +0 buckler (59% to hit, chance to blind on hit: 0%)
You throw an atropa-tipped dart.
The atropa-tipped dart hits the tengu reaver!
The tengu reaver resists.
Throw: 9 javelins
Press: ? - help, Q - select action, (/) - cycle Shift-Dir - straight line, f/p - tengu reaver
Aim: a tengu reaver, wielding a +0 war axe, wearing a +0 ring mail of fire resistance and wearing a +0 buckler (59% to hit)
You throw a javelin.
The javelin pierces through the tengu reaver!!
The tengu reaver is moderately wounded.
The tengu reaver points at you and mumbles some strange words.
The bolt of cold hits you. You resist.
* * * LOW HITPOINT WARNING * * *
The tengu reaver points at you and mumbles some strange words.
The bolt of acid hits you!!
You die...

#.....)....#..............
#.......$..##+####..######
#.(..).....# #..#
###'######## #..#
#.(.....# #..# #..Q....#
#..+ #..~○~..# #..
#..~~○..# #..~~~.@#
#.......# #.......#
#########


You could see a tengu reaver.

Vanquished Creatures
  Mennas (Arena)
  Boris (Vaults:2)
  Sojobo (Vaults:4)
  the Lernaean hydra (Swamp:4)
  Saint Roka (Arena)
  Nikola (Swamp:1)
  Zenata (Vaults:1)
  Asterion (Vaults:3)
  7 emperor scorpions
  Aizul (Vaults:1)
  11 vault wardens
  10 ironbound preservers
  2 ghost moths (Spider:2)
  2 orc warlords
  2 very ugly things (Vaults:1)
  A stone giant (Vaults:2)
  7 ironbound thunderhulks
  8 dire elephants (Vaults:2)
  A spark wasp (Spider:4)
  7 bunyips
  4 eleionomae
  A crystal guardian (Vaults:4)
  An ettin (Vaults:3)
  A shambling mangrove (Swamp:3)
  A fire dragon (Lair:5)
  3 entropy weavers
  3 yaktaur captains
  20 hydras
  2 vault guards
  5 great orbs of eyes
  2 catoblepae
  A peacekeeper (Vaults:4)
  3 radroaches
  Erolcha (Orc:1)
  An ogre mage (D:13)
  7 ironbound frosthearts
  7 alligators
  12 centaur warriors
  8 death yaks (Lair:5)
  2 boulder beetles
  4 two-headed ogres
  Urug (D:13)
  5 orc high priests (Orc:2)
  Sonja (Lair:2)
  Amaemon (D:8)
  2 skysharks
  A sun moth (Spider:1)
  8 pharaoh ants
  A glowing orange brain (Vaults:1)
  12 swamp dragons
  10 orb spiders
  A skeletal warrior (D:12)
  A spriggan druid (Swamp:1)
  22 deep trolls
  6 wizards
  2 bog bodies (Swamp:1)
  7 lindwurms
  14 ironbound convokers
  6 steelbarb worms
  10 orc knights
  14 wolf spiders
  2 necromancers
  An orc sorcerer (Orc:1)
  A fire giant zombie (Vaults:1)
  15 ugly things
  4 moths of wrath
  3 will-o-the-wisps
  A manticore (D:13)
  A cyclops (D:12)
  4 elephants (Lair:4)
  6 black mambas
  7 demonic crawlers
  An orange demon (D:8)
  8 torpor snails
  A gargoyle (D:13)
  5 cane toads
  3 centaur skeletons (D:13)
  2 unseen horrors
  10 vault sentinels
  Maggie (Lair:1)
  2 rime drakes
  11 komodo dragons
  5 kobold demonologists
  29 yaktaurs
  A polar bear (Lair:5)
  6 trolls
  A meliai (shapeshifter) (D:13)
  A queen bee (shapeshifter) (D:13)
  13 hornets
  19 tarantellas
  17 tyrant leeches
  22 blink frogs
  Prince Ribbit (D:8)
  6 dream sheep (Lair:4)
  17 slime creatures
  27 jumping spiders
  2 wyverns
  Sigmund (D:3)
  A shadow (D:10)
  15 culicivoras
  5 spriggans
  2 wraiths
  3 basilisks
  2 vampires
  An elf skeleton (Vaults:1)
  61 yaks
  Grum (D:8)
  A yaktaur simulacrum (Vaults:1)
  24 vampire mosquitoes
  45 redbacks
  21 swamp worms
  A warg (D:12)
  12 water moccasins
  2 hell hounds (Lair:2)
  9 swamp drakes
  A black bear (shapeshifter) (D:13)
  A black bear (D:8)
  62 orc warriors
  3 ice beasts
  17 centaurs
  8 ogres
  13 wolves
  2 human skeletons (Vaults:1)
  3 phantoms
  3 kobold brigands
  10 bullfrogs
  A gnoll sergeant (D:6)
  2 scorpions
  15 wights
  8 killer bees
  11 electric eels
  8 howler monkeys
  3 hounds
  A gnoll bouda (D:6)
  27 orc priests
  5 sleepcaps
  2 iguanas
  28 orc wizards
  4 hell rats (Lair:3)
  A boggart skeleton (D:13)
  6 gnolls (Bailey)
  8 adders
  A shadow imp (D:7)
  2 white imps
  A worm (D:4)
  4 dart slugs
  116 orcs
  5 bats
  9 endoplasms
  3 giant cockroaches
  13 goblins
  13 hobgoblins
  6 jackals
  4 quokkas
  7 ball pythons
  2 frilled lizards (D:1)
  12 kobolds
  7 rats
1202 creatures vanquished.

Vanquished Creatures (others)
  2 orcs
  14 foxfires
  12 spectral weapons
28 creatures vanquished.

Grand Total: 1230 creatures vanquished

Notes
Turn   | Place    | Note
-------+----------+-------------------------------------------
     0 | D:1      | Irreverend the Minotaur Fighter began the quest for the
                  | Orb.
     0 | D:1      | Reached XP level 1. HP: 19/19 MP: 0/0
    81 | D:1      | Found a faded altar of an unknown god.
   170 | D:1      | Reached XP level 2. HP: 27/27 MP: 1/1
   181 | D:1      | Got the Verses on Called Hoarfrost
   263 | D:1      | Reached skill level 3 in Maces & Flails
   845 | D:2      | Reached XP level 3. HP: 33/33 MP: 2/2
   924 | D:2      | You fall into a shaft and drop 1 floor!
  1230 | D:3      | Noticed an ogre
  1273 | D:3      | Noticed Sigmund
  1284 | D:3      | Killed Sigmund
  1285 | D:3      | Reached skill level 4 in Maces & Flails
  1285 | D:3      | Reached XP level 4. HP: 33/41 MP: 3/3
  1285 | D:3      | Reached XP level 5. HP: 38/47 MP: 4/4
  1410 | D:3      | Reached skill level 5 in Maces & Flails
  1459 | D:3      | Killed an ogre
  1460 | D:3      | Reached skill level 5 in Armour
  1460 | D:3      | Reached skill level 5 in Shields
  1460 | D:3      | Reached XP level 6. HP: 39/55 MP: 5/5
  1550 | D:3      | Reached skill level 5 in Fighting
  1705 | D:3      | Noticed an orc warrior
  1915 | D:3      | Killed an orc warrior
  2130 | D:4      | Reached skill level 6 in Maces & Flails
  2130 | D:4      | Reached XP level 7. HP: 59/61 MP: 6/6
  2171 | D:4      | Found an iron altar of Okawaru.
  2179 | D:4      | Became a worshipper of Warmaster Okawaru
  2916 | D:5      | Entered Level 5 of the Dungeon
  3052 | D:5      | Reached * piety under Okawaru
  3053 | D:5      | Reached skill level 7 in Maces & Flails
  3458 | D:5      | Reached XP level 8. HP: 63/70 MP: 7/7
  3563 | D:5      | Found Fireych's Fabulous Fripperies.
  3815 | D:5      | Found a sparkling altar of Nemelex Xobeh.
  3962 | D:6      | Found a staircase to the Ecumenical Temple.
  3989 | D:6      | Reached skill level 8 in Maces & Flails
  4265 | D:6      | Found a radiant altar of Vehumet.
  4285 | D:6      | Reached ** piety under Okawaru
  4437 | D:6      | Reached skill level 9 in Maces & Flails
  4705 | D:6      | Found a shadowy altar of Dithmenos.
  4999 | D:6      | Reached XP level 9. HP: 74/79 MP: 8/8
  5072 | D:6      | Reached *** piety under Okawaru
  5606 | D:6      | Reached skill level 10 in Maces & Flails
  5806 | D:7      | Found Utwufor's Assorted Antiques.
  5807 | D:7      | Found Qebaotui's Armour Emporium.
  5809 | D:7      | Found Iwuudup's Weapon Emporium.
  6053 | D:7      | Found a flagged portal.
  6075 | Bailey   | Entered a bailey
  6274 | Bailey   | Reached **** piety under Okawaru
  6277 | Bailey   | Reached skill level 11 in Maces & Flails
  6616 | Bailey   | Noticed an orc warlord
  6661 | Bailey   | Reached XP level 10. HP: 90/90 MP: 9/9
  6723 | Bailey   | HP: 4/90 [orc warlord/+6 battleaxe (5)]
  6726 | Bailey   | Killed an orc warlord
  6726 | Bailey   | Received a gift from Okawaru
  7044 | Bailey   | Identified the ring of Benevolence {Ice SInv}
  7310 | D:7      | Bought a +4 morningstar of venom for 348 gold pieces
  7318 | D:7      | Acquired 812 gold pieces
  7328 | D:7      | Bought a +3 plate armour for 480 gold pieces
  7385 | D:7      | Found Izaneren's Neck Hole.
  7427 | D:7      | Bought a scarf of repulsion for 156 gold pieces
  7894 | D:7      | Reached skill level 12 in Maces & Flails
  8281 | D:8      | Found a one-way gate to the infinite horrors of the Abyss.
  8281 | D:8      | Noticed Whoops's ghost (novice FoFi)
  8284 | D:8      | Noticed a white ugly thing
  8288 | D:8      | Found a transporter.
  8311 | D:8      | Noticed Grum
  8316 | D:8      | Killed Grum
  8381 | D:8      | Acquired the +5 buckler of Cuthriomm {Contam rElec rPois
                  | Dex+4}
  8430 | D:8      | Found a transporter.
  8546 | D:8      | Noticed Prince Ribbit
  8555 | D:8      | Killed Prince Ribbit
  8799 | D:8      | Found an ornate altar of the Wu Jian Council.
  8884 | D:8      | Noticed Amaemon
  8884 | D:8      | Noticed an orange demon
  8891 | D:8      | Killed Amaemon
  8898 | D:8      | Killed an orange demon
  8898 | D:8      | Reached ***** piety under Okawaru
  9040 | D:8      | Found Wacwajaa's General Store.
  9182 | D:9      | Reached skill level 13 in Maces & Flails
  9194 | D:9      | Found a blossoming altar of Fedhas.
  9205 | D:9      | Reached XP level 11. HP: 96/99 MP: 10/10
  9279 | D:9      | Reached skill level 10 in Armour
  9408 | D:9      | Found a hazy altar of Hepliaklqana.
  9461 | D:9      | Noticed a two-headed ogre
  9470 | D:9      | Killed a two-headed ogre
  9471 | D:9      | Reached skill level 10 in Fighting
  9471 | D:9      | Reached skill level 10 in Shields
  9496 | D:9      | Found a basalt altar of Yredelemnul.
  9822 | D:9      | Identified the +6 eveningstar of the Endless Expanse
                  | {flame, Dex+4} (Okawaru gifted it to you on level 9 of the
                  | Dungeon)
  9822 | D:9      | Received a gift from Okawaru
 10080 | D:10     | Entered Level 10 of the Dungeon
 10153 | D:10     | Noticed a two-headed ogre
 10153 | D:10     | Noticed sigtrap's ghost (journeyman FoHu)
 10153 | D:10     | Noticed a two-headed ogre
 10155 | D:10     | Found a bloodstained altar of Trog.
 10155 | D:10     | Found a transporter.
 10155 | D:10     | Noticed a two-headed ogre
 10316 | D:10     | Reached skill level 14 in Maces & Flails
 10347 | D:10     | Found a snail-covered altar of Cheibriados.
 10473 | D:10     | Noticed a tengu warrior
 10477 | D:10     | Found a transporter.
 11405 | D:11     | Found a staircase to the Lair.
 11483 | D:11     | Received a gift from Okawaru
 11976 | Lair:1   | Entered Level 1 of the Lair of Beasts
 12123 | Lair:1   | Reached XP level 12. HP: 74/110 MP: 11/11
 12236 | Lair:1   | Noticed Maggie
 12243 | Lair:1   | Received a gift from Okawaru
 12244 | Lair:1   | Reached skill level 15 in Maces & Flails
 12247 | Lair:1   | Killed Maggie
 13021 | Lair:2   | Found a hole to the Spider Nest.
 13110 | Lair:2   | Found a staircase to the Swamp.
 13207 | Lair:2   | Identified the +4 flail of Currency {venom, rF+ rN+ MP+9
                  | Stlth-}
 13370 | Lair:2   | Reached ****** piety under Okawaru
 13518 | Lair:2   | Noticed Sonja
 13520 | Abyss:1  | Cast into level 1 of the Abyss (Sonja)
 13543 | Lair:2   | Escaped the Abyss
 13569 | Lair:2   | Killed Sonja
 13569 | Lair:2   | Received a gift from Okawaru
 13570 | Lair:2   | Reached skill level 16 in Maces & Flails
 14325 | Lair:3   | Noticed a five-headed hydra
 14342 | Lair:3   | Killed a five-headed hydra
 14478 | Lair:3   | Received a gift from Okawaru
 14479 | Lair:3   | Reached XP level 13. HP: 115/119 MP: 12/12
 15089 | Lair:4   | Reached skill level 1 in Invocations
 15353 | Lair:4   | Reached skill level 17 in Maces & Flails
 15539 | Lair:4   | Identified the +0 pair of boots "Vowaskyo" {rC+ Int+2}
                  | (Okawaru gifted it to you on level 4 of the Lair of Beasts)
 15539 | Lair:4   | Received a gift from Okawaru
 15793 | Lair:4   | Found a staircase to the Slime Pits.
 16126 | Lair:4   | Identified the staff of poison "Boimadi" {rPois Str+2
                  | Int+2}
 16210 | Lair:5   | Entered Level 5 of the Lair of Beasts
 16660 | Lair:5   | Found a runed translucent door.
 16661 | Lair:5   | Noticed a fire dragon
 16718 | Lair:5   | Reached skill level 18 in Maces & Flails
 16732 | Lair:5   | Identified the +5 scale mail "Soiw" {Str+2 Dex+3} (Okawaru
                  | gifted it to you on level 5 of the Lair of Beasts)
 16732 | Lair:5   | Received a gift from Okawaru
 17003 | Lair:5   | Reached XP level 14. HP: 110/129 MP: 16/16
 18316 | D:12     | Found Peczoucw's General Store.
 18546 | D:12     | Reached skill level 5 in Invocations
 18968 | D:12     | Identified the +9 rapier of Grontol {holy, rN+ Dex+2}
                  | (Okawaru gifted it to you on level 12 of the Dungeon)
 18968 | D:12     | Received a gift from Okawaru
 19060 | D:12     | Found a staircase to the Orcish Mines.
 19185 | D:12     | Identified the staff of poison "Idonoirut" {Fragile rPois
                  | rF+ rN+++}
 19354 | Orc:1    | Entered Level 1 of the Orcish Mines
 19555 | Orc:1    | Noticed Erolcha
 19686 | Orc:1    | Killed Erolcha
 19944 | Orc:2    | Entered Level 2 of the Orcish Mines
 19944 | Orc:2    | Found a staircase to the Elven Halls.
 19959 | Orc:2    | Reached skill level 19 in Maces & Flails
 20908 | Orc:2    | Found a shimmering blue altar of Sif Muna.
 21637 | Orc:2    | Received a gift from Okawaru
 21812 | Arena    | Entered the Arena
 22176 | Orc:2    | Found Farph's General Store.
 22176 | Orc:2    | Found Ikhuguol's Antique Armour Shop.
 22177 | Orc:2    | Found Vifyaner's Book Shop.
 22177 | Orc:2    | Found Xorch's Antique Armour Boutique.
 22361 | Swamp:1  | Entered Level 1 of the Swamp
 22555 | Swamp:1  | Reached XP level 15. HP: 113/139 MP: 18/18
 23116 | Swamp:1  | Noticed Nikola
 23134 | Swamp:1  | Killed Nikola
 23429 | Swamp:2  | You fall into a shaft and drop 1 floor!
 24164 | Swamp:3  | Reached skill level 15 in Armour
 24170 | Swamp:3  | Reached skill level 15 in Fighting
 24278 | Swamp:3  | Reached skill level 1 in Throwing
 24571 | Swamp:3  | Reached skill level 15 in Shields
 24900 | Swamp:2  | Reached skill level 20 in Maces & Flails
 25491 | Swamp:4  | Entered Level 4 of the Swamp
 25684 | Swamp:4  | Received a gift from Okawaru
 25978 | Swamp:4  | Noticed the 27-headed Lernaean hydra
 26025 | Swamp:4  | HP: 4/141 [swamp worm (8)]
 27072 | Swamp:4  | Reached XP level 16. HP: 138/149 MP: 21/21
 27087 | Swamp:4  | Got a decaying rune of Zot
 27437 | Swamp:4  | Killed the 27-headed Lernaean hydra
 27437 | Swamp:4  | Received a gift from Okawaru
 28813 | Spider:1 | Entered Level 1 of the Spider Nest
 30043 | Spider:1 | Reached skill level 5 in Throwing
 33319 | Spider:3 | Acquired 987 gold pieces
 33689 | Spider:4 | Entered Level 4 of the Spider Nest
 33695 | Spider:4 | Identified the +0 pair of gloves "Teecw" {rF+ rC- Will+
                  | Dex+3} (Okawaru gifted it to you on level 4 of the Spider
                  | Nest)
 33695 | Spider:4 | Received a gift from Okawaru
 33696 | Spider:4 | Reached skill level 21 in Maces & Flails
 33912 | Spider:4 | Reached XP level 17. HP: 143/160 MP: 22/22
 34006 | Spider:4 | Gained mutation: Your mind is acute. (Int +4, Str/Dex -1)
                  | [potion of mutation]
 34006 | Spider:4 | Gained mutation: You have very sharp teeth. [potion of
                  | mutation]
 34591 | Spider:4 | Identified the +1 pair of boots of Weici {Rampage rC- rN+++
                  | Str+2}
 34641 | Spider:4 | Got a gossamer rune of Zot
 35119 | D:13     | Found a gate leading to a gauntlet.
 35458 | D:13     | Found a portal to a secret trove of treasure.
 35695 | D:13     | Identified the +1 flail "Gimeqe Evepp" {drain, Dex+2 SInv}
                  | (Okawaru gifted it to you on level 13 of the Dungeon)
 35695 | D:13     | Received a gift from Okawaru
 35905 | D:13     | Found a gate to the Vaults.
 35972 | D:13     | Noticed Urug
 35980 | D:13     | Killed Urug
 36010 | D:13     | Found a sparkling altar of Nemelex Xobeh.
 36515 | Vaults:1 | Entered Level 1 of the Vaults
 36898 | Vaults:1 | Identified the +4 ring mail of Hide-and-Seek {rPois rN+
                  | Int-5} (Okawaru gifted it to you on level 1 of the Vaults)
 36898 | Vaults:1 | Received a gift from Okawaru
 37100 | Vaults:1 | Noticed Saint Roka
 37146 | Arena    | Entered the Arena
 37154 | Arena    | Killed Saint Roka
 37658 | Vaults:1 | Noticed Zenata
 37669 | Vaults:1 | Killed Zenata
 37670 | Vaults:1 | Reached XP level 18. HP: 103/171 MP: 21/23
 38062 | Vaults:1 | Noticed Aizul
 38071 | Vaults:1 | Killed Aizul
 38456 | Vaults:1 | Found Ycogaomn's Magic Scroll Emporium.
 38624 | Vaults:2 | Reached skill level 22 in Maces & Flails
 39054 | Vaults:2 | Noticed Boris
 39065 | Vaults:2 | Killed Boris
 39065 | Vaults:2 | Received a gift from Okawaru
 39371 | Vaults:2 | Noticed Mennas
 39406 | Arena    | Entered the Arena
 39419 | Arena    | Killed Mennas
 40320 | Vaults:1 | Upgraded the game from 0.30.0-18-gc0e69614cb to
                  | 0.30.0-19-g36f170ea60
 40598 | Vaults:3 | Identified the +0 robe "Ecarchag" {rF+} (Okawaru gifted it
                  | to you on level 3 of the Vaults)
 40598 | Vaults:3 | Received a gift from Okawaru
 40947 | Vaults:3 | Noticed Asterion
 40976 | Vaults:3 | Killed Asterion
 40977 | Vaults:3 | Reached skill level 10 in Throwing
 42072 | Vaults:3 | Reached XP level 19. HP: 172/181 MP: 24/24
 42301 | Vaults:4 | Reached skill level 1 in Evocations
 42347 | Vaults:4 | Noticed Sojobo
 42359 | Vaults:4 | HP: 5/182 [Sojobo/+2 triple sword of electrocution (7)]
 42368 | Vaults:4 | Killed Sojobo
 42370 | Vaults:4 | Received a gift from Okawaru
 42373 | Vaults:4 | HP: 4/182 [ironbound convoker/+0 great mace (13)]
 42382 | Vaults:4 | HP: 7/182 [vault sentinel/+0 morningstar (14)]
 42382 | Vaults:4 | HP: 1/182 [yaktaur/bolt[a vault warden] (6)]
 42436 | Vaults:4 | HP: 6/182 [tengu reaver/+0 war axe[Sojobo] (6)]
 42436 | Vaults:4 | HP: 1/182 [tengu reaver/+0 war axe[Sojobo] (5)]
 42474 | Vaults:4 | Killed from afar by a tengu reaver

Illustrated notes

Levels and vault maps discovered:
D:1:      minmay_arrival_semitransparent, layout_basic,
          hellmonk_ecumenical_altar_leap_of_faith, nrook_campfire
D:2:      layout_rooms, kennysheep_generic_room_13
D:3:      layout_rooms, uniq_sigmund
D:4:      layout_loops_ring, kennysheep_okawaru_gauntlet
D:5:      layout_loops_ring, marbit_many_paths, minmay_misc_feat_alley,
          serial_park_tiny_2, minmay_misc_feat_roman, nicolae_alphabet_shops
D:6:      minmay_octagon_keep, layout_basic,
          mainiacjoe_overflow_small_starburst,
          grunt_dithmenos_smoke_and_mirrors,
          minmay_temple_entry_drinking_statues, nicolae_titane
D:7:      layout_basic, enter_bailey_5, nicolae_wooded_promenade,
          nicolae_shop_sticking_my_neck_out
D:8:      layout_basic, kennysheep_mini, gammafunk_ghost_abyssal_escape,
          serial_shops, shop, uniq_amaemon, uniq_prince_ribbit1, uniq_grum
D:9:      layout_basic, nicolae_hepliaklqana_hippocampus,
          mainiacjoe_overflow_brackets, yredelemnul_altar_generic, hex_tiny,
          grunt_ministairs_7
D:10:     layout_basic, kennysheep_slug_shrine,
          gammafunk_ghost_wrathful_warriors
D:11:     layout_gridville, david_lair_shrubbed
D:12:     layout_gridville, erik_orc_1, serial_shops, nicolae_shop_waterfront
D:13:     layout_long_grid, hangedman_vaults_entry_quadrant_bands,
          nicolae_trove_entry_crossroad, gauntlet_entry_generic,
          nemelex_xobeh_ov_fountains_minmay, uniq_urug
Lair:1:   layout_chaotic_city, grunt_forest_stairs_basic, grunt_megastairs_1,
          uniq_maggie
Lair:2:   layout_cave_pods, minmay_swamp_entry_worms,
          spider_nest_entry_web_field, enter_volcano_3, uniq_sonja
Lair:3:   layout_loops_ring, cheibrodos_lair_reptile_den
Lair:4:   layout_cave_pods, dpeg_slime_entry_enclosed, lemuel_fruit_fields
Lair:5:   wormcave, layout_gridlike, portal_ice_cave_entry_pillars_2,
          serial_bayou_shore_a, lemuel_fruit_tree
Swamp:1:  layout_falls_marsh, hangedman_swamp_lotus, uniq_nikola
Swamp:2:  layout_basic_swamp, evilmike_swamp_ruin_house_1, swamp_pool2
Swamp:3:  layout_basic_swamp, evilmike_swamp_ruin_house_3, swamp_pool1,
          nicolae_swamp_bloodsuckers_inc
Swamp:4:  swamp_old_school, layout_basic_swamp
Spider:1: layout_spider_delve
Spider:2: layout_chambers, nicolae_spider_moth_buddies
Spider:3: layout_spider_delve
Spider:4: grunt_spider_rune_circles
Orc:1:    layout_caves, uniq_erolcha
Orc:2:    st_orc_pillars, layout_caves, kennysheep_orc_sif_temple
Vaults:1: nicolae_vaults_ring_of_whatevers, vaults_room_ringed_pool,
          nicolae_vaults_little_squares_5, hangedman_vaults_slice,
          nicolae_vaults_border_crossing, nicolae_vaults_double_plus_1,
          v_alt_pattern_2, nicolae_vaults_trapezoid_3, v_misc_23, v_misc_12,
          layout_vaults_omnigrid, serial_shops, shop, uniq_aizul,
          uniq_saint_roka, uniq_zenata
Vaults:2: nicolae_vaults_tetromino_T_2, grunt_vaults_hallway_short,
          vaults_mumra_bighexcomb, v_pattern_1, minmay_crypt_entry_necro_gods,
          v_misc_18, nicolae_vaults_trapezoid_3, nicolae_vaults_surprise_closet,
          nicolae_vaults_offset_grid_hallway_2, nicolae_vaults_trapezoid_3,
          grunt_vaults_twisty, nicolae_vaults_tetromino_Z_2,
          layout_vaults_chaotic_city, uniq_boris, uniq_mennas
Vaults:3: hangedman_vaults_unwind, v_alt_pattern_1,
          nicolae_vaults_ring_of_whatevers, ontoclasm_vaults_twist,
          nicolae_vaults_double_plus_1, vaults_standard_mumra_x,
          nicolae_vaults_trapezoid_2, nicolae_vaults_network_s, st_cells,
          nicolae_vaults_theta, nicolae_vaults_surprise_closet,
          layout_vaults_omnicross, uniq_asterion
Vaults:4: v_rooms_5, nicolae_vaults_arrows, nicolae_vaults_trapezoid_lopsided_1,
          v_rooms_1, nicolae_vaults_oval_intersection,
          nicolae_vaults_stairing_the_circle, grunt_vaults_hallway_long,
          ontoclasm_vaults_decontamination, v_misc_33, ontoclasm_vaults_eye,
          nicolae_vaults_offset_grid_hallway_1, vaults_room_fancy_cross,
          vaults_room_pool, layout_vaults_omnibox, uniq_sojobo

Skill      XL: |  1  2  3  4  5  6  7  8  9 10 11 12 13 14 15 16 17 18 19 |
---------------+----------------------------------------------------------+-----
Maces & Flails | 3 4 5 6 7 9 11 13 14 16 18 19 20 21 22 | 22.8
Shields        | 4 5 6 7 8 9 11 12 13 14 15 16 17 18 19 | 19.0
Armour         | 4 5 6 7 8 9 11 12 13 14 15 16 17 18 19 | 19.1
Fighting       | 4 5 6 7 8 9 11 12 13 14 15 16 17 18 19 | 19.1
Invocations    | 4 6 8 |  8.0
Throwing       | 3 6 8 10 | 10.0
Evocations     | 1 |  1.9

Action                     |  1- 3 |  4- 6 |  7- 9 | 10-12 | 13-15 | 16-18 | 19-21 || total
---------------------------+-------+-------+-------+-------+-------+-------+-------++-------
  Melee: Flail             |   104 |    12 |   239 |    34 |       |       |       ||   389
         Headbutt          |     9 |    16 |   101 |   111 |   372 |   511 |    42 ||  1162
         Whip              |       |    68 |   236 |       |       |       |       ||   304
         Morningstar       |       |       |       |    88 |       |       |       ||    88
         Demon whip        |       |       |       |   122 |  1206 |  1661 |   108 ||  3097
         Eveningstar       |       |       |       |   303 |   271 |       |       ||   574
         Bite              |       |       |       |       |       |   184 |    23 ||   207
  Throw: Dart              |       |       |       |       |       |     6 |     2 ||     8
         Boomerang         |       |       |       |       |       |     1 |       ||     1
         Javelin           |       |       |       |       |       |       |     1 ||     1
 Invoke: Heroism           |       |       |       |     3 |    16 |    21 |     2 ||    42
         Finesse           |       |       |       |       |     9 |     9 |     2 ||    20
         Duel              |       |       |       |       |     1 |     2 |       ||     3
  Evoke: Wand              |       |       |       |       |     1 |     7 |       ||     8
    Use: Potion            |     1 |     1 |       |     4 |     5 |    12 |     7 ||    30
         Scroll            |       |     1 |       |    14 |    29 |    13 |     3 ||    60
   Stab: Petrified         |       |       |       |       |     5 |       |       ||     5
         Distracted        |       |       |       |       |       |    18 |     4 ||    22
 Armour: Scale mail        |    54 |    28 |       |       |       |       |       ||    82
         Chain mail        |       |    10 |   204 |    14 |       |       |       ||   228
         Plate armour      |       |       |       |   241 |   612 |   744 |    48 ||  1645
  Dodge: Dodged            |    47 |    31 |   124 |   134 |   441 |   515 |    26 ||  1318
         Repelled          |       |       |       |     2 |    16 |     7 |       ||    25
  Block: Buckler           |    21 |    20 |    89 |   277 |   705 |   918 |    63 ||  2093
